 Dungeon Crawl Stone Soup version 0.31.0-12-g77e489cdc1 (webtiles) character file.

Game seed: 4515288249827380405

204352 booth the Severer (level 18, -2/140 HPs)
             Began as a Demonspawn Gladiator on Feb 29, 2024.
             Was the Champion of Hepliaklqana.
             Killed by angry trees
             ... awakened by a spriggan druid
              (14 damage)
             ... on level 2 of the Swamp on Mar 6, 2024.
             The game lasted 03:51:24 (34878 turns).

booth the Severer (Demonspawn Gladiator)           Turns: 34878, Time: 03:51:24

Health: -2/140     AC: 28    Str: 21    XL:     18   Next: 1%
Magic:  0/16       EV: 16    Int: 13    God:    Hepliaklqana [******]
Gold:   98         SH:  5    Dex: 25    Spells: 17/17 levels left

rFire   + . .        E - +7 great mace "Firestarter" {flame, immolate, rFlCloud rF++}
rCold   + + +        (shield currently unavailable)
rNeg    + . .        O - +3 chain mail {rPois}
rPois   +            j - +2 helmet {Int+3}
rElec   .            g - scarf "Zasawniz" {repulsion, rN+ Dex+4}
rCorr   +            (gloves unavailable)
SInv    .            n - +2 pair of boots
Will    +....        V - amulet of reflection
Stlth   ++           U - ring of Jerasm {rF- rC+++ rCorr MP-9 AC+4}
HPRegen 0.43/turn    m - ring "Reor" {rC+ Dex+6}
MPRegen 0.30/turn

%: repel missiles, reflection, guardian spirit
@: no status effects
A: reduced essence, rugged brown scales 2, ignite blood 2, magic shield, magic
regeneration, demonic touch 3
}: 1/15 runes: serpentine
a: Renounce Religion, Recall Ancestor, Ancestor Identity, Transference, Idealise


You were on level 2 of the Swamp.
You worshipped Hepliaklqana.
Hepliaklqana was exalted by your worship.
You visited 6 branches of the dungeon, and saw 29 of its levels.
You also visited: Bailey.

You collected 3328 gold pieces.
You spent 3230 gold pieces at shops.

Inventory:

Hand Weapons
 E - the +7 great mace "Firestarter" (weapon) {flame, immolate, rFlCloud rF++}
   (You bought it in a shop on level 6 of the Dungeon)

   rFlCloud:  It grants immunity to clouds of flame.
   rF++:      It greatly protects you from fire.
 F - a +5 broad axe of electrocution
 J - a +6 executioner's axe
Missiles
 t - 26 poisoned darts
 w - 16 boomerangs (quivered)
 x - 12 javelins
 R - 2 datura-tipped darts
Armour
 g - the scarf "Zasawniz" (worn) {repulsion, rN+ Dex+4}
   (You acquired it on level 2 of the Dungeon)

   Dex+4:     It affects your dexterity (+4).
   rN+:       It protects you from negative energy.
 i - the +3 buckler of a bazaar {rF+ Str+2 Dex+3}
   (You bought it in a shop on level 2 of the Dungeon)

   Str+2:     It affects your strength (+2).
   Dex+3:     It affects your dexterity (+3).
   rF+:       It protects you from fire.
 j - a +2 helmet of intelligence (worn)
 n - a +2 pair of boots (worn)
 H - +2 acid dragon scales
 O - a +3 chain mail of poison resistance (worn)
Jewellery
 m - the ring "Reor" (right hand) {rC+ Dex+6}
   (You bought it in a shop on level 2 of the Dungeon)

   [ring of dexterity]

   Dex+6:     It affects your dexterity (+6).
   rC+:       It protects you from cold.
 A - a ring of flight
 N - a ring of ice
 U - the ring of Jerasm (left hand) {rF- rC+++ rCorr MP-9 AC+4}
   (You bought it in a shop on level 4 of the Snake Pit)

   [ring of protection]

   AC+4:      It affects your AC (+4).
   rF-:       It makes you vulnerable to fire.
   rC+++:     It renders you almost immune to cold.
   MP-9:      It affects your magic capacity (-9).
   rCorr:     It protects you from acid and corrosion.
 V - an amulet of reflection (around neck)
Wands
 d - a wand of roots (20)
 k - a wand of flame (53)
 u - a wand of digging (4)
 K - a wand of light (14)
 Q - a wand of mindburst (18)
 T - a wand of polymorph (6)
 Y - a wand of charming (3)
Scrolls
 b - 5 scrolls of fear
 c - 3 scrolls of immolation
 f - 5 scrolls of blinking
 h - 3 scrolls of vulnerability
 p - 5 scrolls of fog
 q - 16 scrolls of teleportation
 y - a scroll of silence
 z - 6 scrolls of revelation
 P - 12 scrolls of identify
 S - 4 scrolls of poison
 Z - 2 scrolls of amnesia
Potions
 a - a potion of ambrosia
 e - 2 potions of enlightenment
 o - 8 potions of curing
 r - 2 potions of brilliance
 s - 2 potions of might
 v - 3 potions of mutation
 B - 3 potions of resistance
 C - 4 potions of lignification
 D - 2 potions of haste
 G - 7 potions of attraction
 I - 2 potions of cancellation
 M - a potion of magic
 X - 3 potions of invisibility
Miscellaneous
 L - a phial of floods
 W - a phantom mirror (inert)


   Skills:
 + Level 14.8 Fighting
 + Level 18.9(19.0) Axes
 + Level 1.2(12.4) Maces & Flails
 - Level 8.2 Throwing
 - Level 11.4 Armour
 + Level 10.0 Dodging
 - Level 10.3 Stealth
 + Level 3.3 Shields
 + Level 9.3 Invocations


You had 17 spell levels left.
You didn't know any spells.
Your spell library contained the following spells:

 Spells                   Type           Power      Damage    Failure   Level
 Apportation              Tloc           0%         N/A       83%         1
 Freeze                   Ice            0%         1d3       83%         1
 Kiss of Death            Conj/Necr      0%         2d5       83%         1
 Magic Dart               Conj           0%         1d3       83%         1
 Necrotise                Necr           0%         1d4       83%         1
 Sting                    Conj/Alch      0%         1d3       83%         1
 Summon Small Mammal      Summ           0%         N/A       83%         1
 Searing Ray              Conj           0%         2d4       92%         2
 Confusing Touch          Hex            0%         N/A       99%         3
 Frozen Ramparts          Ice            0%         1d1       99%         3
 Hailstorm                Conj/Ice       0%         3d5       99%         3
 Ozocubu's Armour         Ice            0%         N/A       99%         3
 Dispel Undead            Necr           0%         3d6       100%        4
 Fulminant Prism          Conj/Alch      0%         3d5       100%        4
 Metabolic Englaciation   Hex/Ice        0%         N/A       100%        5
 Summon Forest            Summ/Tloc      0%         N/A       100%        5
 Eringya's Noxious Bog    Alch           0%         4d6       100%        6
 Sculpt Simulacrum        Ice/Alch       0%         N/A       100%        6
 Malign Gateway           Summ/Tloc      0%         N/A       100%        7
 Summon Hydra             Summ           0%         N/A       100%        7
 Summon Horrible Things   Summ           0%         N/A       100%        8


Dungeon Overview and Level Annotations

Branches:
Dungeon (15/15)            Temple (1/1) D:4            Lair (5/5) D:11
  Swamp (2/4) Lair:3        Snake (4/4) Lair:3        Slime (0/5) Lair:4
    Orc (2/2) D:11            Elf (0/3) Orc:2        Vaults (0/5) D:14
 Depths (0/4) D:15         Bailey (visited)

Altars:
Ashenzari
Cheibriados
Dithmenos
Fedhas
Gozag
Hepliaklqana
Kikubaaqudgha
Makhleb
Nemelex Xobeh
Okawaru
Qazlal
Ru
Sif Muna
Trog
Uskayaw
Vehumet
Wu Jian
Xom
Yredelemnul
Jiyva

Shops:
D:2 *(   D:4 !   D:6 ([((   D:15 :   Orc:1 *   Orc:2 ([*=   Snake:1 [?=
Snake:2 ?=[   Snake:4 ::=

Portals:
Abyss: Lair:5
Trove: D:10 (give 17 scrolls of teleportation)

Annotations:
Temple 4 transporters
Lair:1 1 runed translucent door, turdburglar's ghost, journeyman MfSh
Lair:5 2 transporters, kftrendy's ghost, journeyman TrFi
Snake:3 1 runed translucent door, middlethird's ghost, journeyman VSCj
Orc:1 3 runed translucent doors, Rygut's ghost, journeyman DrFi


Innate Abilities, Weirdness & Mutations

Your life essence is reduced to manifest your ancestor. (-10% HP)
You are mostly covered in rugged brown scales. (AC +2, +5% HP)
Your demonic aura often causes spilled blood to erupt in flames.
When hurt, damage is shared between your health and your magic reserves.
You regenerate magic rapidly.
Your touch may irresistibly damage your foes and sap their willpower.


Message History

The goliath frog looks frightened!
The swamp worm looks frightened!
The tyrant leech looks frightened!
The +2 spectral quarterstaff is engulfed in blazing flames. x2
The spriggan druid shares its spectral weapon's damage!
The +2 spectral quarterstaff is engulfed in blazing flames.
The spriggan druid shares its spectral weapon's damage!
The spriggan druid mumbles some strange words.
The spriggan druid is healed somewhat.
Aiming: Phantom Mirror
Press: ? - help, Dir - move target, f - spriggan druid
Aim: a spriggan druid, wielding a +2 spectral quarterstaff and wearing a +0 robe (severely wounded)
You reflect the spriggan druid with the mirror!
The mirror clouds!
The +2 spectral quarterstaff is engulfed in blazing flames.
The spriggan druid shares its spectral weapon's damage!
The +2 spectral quarterstaff is engulfed in blazing flames.
A swamp worm comes into view.
The +2 spectral quarterstaff disappears.
Your spriggan druid barely misses the spriggan druid.
Your +2 spectral quarterstaff hits the spriggan druid!
The spriggan druid hits you with a +2 spectral quarterstaff!
* * * LOW HITPOINT WARNING * * *
The +2 spectral quarterstaff barely misses you.
A +2 spectral quarterstaff comes into view.
Your +2 spectral quarterstaff is engulfed in blazing flames.
Your spriggan druid shares its spectral weapon's damage!
Your +2 spectral quarterstaff is engulfed in blazing flames.
Your spriggan druid shares its spectral weapon's damage!
Your +2 spectral quarterstaff is engulfed in blazing flames.
Your spriggan druid shares its spectral weapon's damage!
The spriggan druid mumbles some strange words.
The forest starts to sway and rumble!
You feel better.
The trees move their gnarly branches around.
A root smacks your spriggan druid from below!
Your spriggan druid dies!
Your spriggan druid's corpse shimmers and vanishes!
Your +2 spectral quarterstaff disappears.
A root smacks you from below!
You die...

♣♣.♣ ♣♣♣♣ w~.
♣..♣♣♣♣...♣♣ ♣..
♣.~♣~~~..... ♣...
♣♣..F.~♣.♣.♣ ..~
♣~w~♣<♣...♣ ♣♣.♣~.
♣♣.......♣
♣..~♣.♣♣♣§.♣.~).♣♣
>?~~~§§~@~.~.~.♣♣
..~~.§.°.~.~..♣♣
.~~.♣○§§i(~~~♣♣
..~~§~..~.?.w♣
.~.~~~~♣..~..♣
..~.~~~~[♣♣...♣
.......D♣♣♣♣~~♣
♣.~~~~~~ ♣.~.♣
♣~~~~..D ♣..♣♣


You could see a swamp dragon (fleeing), a tyrant leech (inner flame, fleeing), a
spriggan druid, a goliath frog (fleeing), a swamp worm (fleeing) and a +2
spectral quarterstaff.

Vanquished Creatures
  Vashnia (Snake:2)
  2 nagarajas (Snake:4)
  2 orc warlords
  Snorg (Lair:3)
  A fire dragon (D:14)
  Josephine (D:15)
  Fannar (Lair:3)
  2 salamander tyrants (Snake:4)
  A vault guard (D:14)
  2 rakshasas
  3 boulder beetles
  A hydra (Swamp:1)
  A catoblepas (Lair:3)
  2 two-headed ogres
  5 alligators
  18 anacondas
  5 centaur warriors
  10 naga sharpshooters
  5 death yaks (Lair:2)
  14 naga warriors
  2 occultists (D:15)
  7 shock serpents
  4 orc high priests
  Sonja (Orc:2)
  2 sea snakes (Snake:3)
  3 skeletal warriors (D:14)
  5 salamander mystics
  19 mana vipers
  7 naga ritualists
  Lodul (D:10)
  4 orc knights
  3 lindwurms (Snake:4)
  A necromancer (D:15)
  14 ugly things
  3 deep elf pyromancers (D:14)
  7 orc sorcerers
  3 cyclopes
  An oklob plant (Lair:5)
  12 salamanders
  2 manticores
  A centaur zombie (D:15)
  8 slime creatures
  6 elephants
  46 black mambas
  20 naga magi
  9 guardian serpents
  A black mamba (shapeshifter) (D:13)
  10 cane toads
  An unseen horror (D:11)
  2 rime drakes (Lair:4)
  A centaur skeleton (D:15)
  A cane toad (shapeshifter) (D:15)
  A yaktaur (D:14)
  A harpy zombie (D:15)
  2 tengu conjurers (D:14)
  6 komodo dragons
  3 tyrant leeches
  An efreet (D:15)
  8 trolls
  3 hornets
  3 dream sheep
  A meliai zombie (D:15)
  7 wraiths
  12 spriggans (Lair:5)
  2 basilisks
  A shadow (D:11)
  40 yaks
  2 steam dragons (D:9)
  8 vampire mosquitoes
  38 nagas
  A naga (shapeshifter) (D:14)
  Menkaure (D:4)
  2 swamp worms (Swamp:1)
  3 acid dragons
  9 water moccasins
  2 ice beasts (D:6)
  2 laughing skulls (D:14)
  35 orc warriors
  5 black bears
  25 wolves
  5 boggarts (Lair:5)
  6 centaurs
  8 ogres
  A kobold brigand (D:7)
  14 bullfrogs
  3 scorpions (D:6)
  A gnoll sergeant (D:7)
  6 wights
  11 killer bees
  A bombardier beetle (D:7)
  3 hounds
  19 orc priests
  A gnoll bouda (D:6)
  6 jellies
  A sleepcap (D:5)
  7 iguanas
  25 orc wizards
  4 hell rats (Lair:1)
  11 gnolls
  2 river rats (D:5)
  8 adders
  A ribbon worm (D:2)
  3 dart slugs
  86 orcs
  10 ball pythons
  4 bats
  7 endoplasms
  6 giant cockroaches
  6 goblins
  12 hobgoblins
  7 jackals
  5 quokkas
  4 frilled lizards
  16 kobolds
  4 rats
  A spectral weapon (Swamp:2)
824 creatures vanquished.

Vanquished Creatures (collateral kills)
  A nagaraja (Snake:4)
  2 eleionomae
  A bunyip (Swamp:2)
  A salamander tyrant (Snake:2)
  A centaur warrior (D:14)
  2 boulder beetles
  A two-headed ogre (D:12)
  3 naga warriors
  2 naga sharpshooters
  A shock serpent (Snake:2)
  A salamander mystic (Snake:4)
  A goliath frog (Swamp:1)
  2 mana vipers
  2 sea snakes (Snake:3)
  4 naga ritualists
  3 orc knights
  An ugly thing (D:14)
  A will-o-the-wisp (Swamp:1)
  A manticore (D:12)
  7 salamanders
  10 black mambas
  A slime creature (D:12)
  6 elephants
  4 naga magi
  A guardian serpent (Snake:4)
  2 cane toads (Lair:1)
  A gargoyle (D:11)
  2 komodo dragons
  A tengu conjurer (D:13)
  A rime drake (Lair:4)
  3 polar bears
  2 hornets (Lair:5)
  3 dream sheep (Lair:3)
  2 spriggans
  A wraith (D:13)
  A wyvern (Lair:2)
  7 yaks
  3 vampire mosquitoes (D:15)
  5 nagas
  3 water moccasins
  A black bear (Lair:5)
  5 orc warriors
  7 wolves
  2 ogres (D:10)
  2 bullfrogs (Lair:1)
  2 scorpions
  2 wights
  3 killer bees
  2 orc priests
  2 orc wizards (Orc:2)
  2 hell rats (Lair:1)
  An adder (D:5)
  A gnoll (D:6)
  A river rat (D:5)
  20 orcs
  2 endoplasms (Lair:4)
  A hobgoblin (Bailey)
  4 kobolds (Bailey)
157 creatures vanquished.

Vanquished Creatures (others)
  22 hexers
  4 ancestors
  A gnoll (D:6)
  6 foxfires (Swamp:1)
33 creatures vanquished.

Grand Total: 1014 creatures vanquished

Notes
Turn   | Place    | Note
-------+----------+-------------------------------------------
     0 | D:1      | booth the Demonspawn Gladiator began the quest for the Orb.
     0 | D:1      | Reached XP level 1. HP: 16/16 MP: 1/1
   307 | D:1      | Gained mutation: You are partially covered in rugged brown
                  | scales. (AC +1, +3% HP) [demonic ancestry]
   307 | D:1      | Reached XP level 2. HP: 16/22 MP: 2/2
   379 | D:1      | Reached skill level 3 in Axes
   869 | D:2      | Reached XP level 3. HP: 21/28 MP: 3/3
  1215 | D:2      | Identified the +2 buckler "Zoecitha" {Harm Int+4 SInv
                  | Stlth-}
  1237 | D:2      | Found Sybuntyc's Assorted Antiques.
  1248 | D:2      | Gained mutation: Your demonic aura sometimes causes spilled
                  | blood to erupt in flames. [demonic ancestry]
  1248 | D:2      | Reached XP level 4. HP: 35/35 MP: 4/4
  1251 | D:2      | Bought a scroll of identify for 48 gold pieces
  1271 | D:2      | You fall into a shaft and drop 2 floors!
  1497 | D:2      | Reached skill level 4 in Axes
  1558 | D:2      | Found Fusabupu's Weapon Boutique.
  1612 | D:2      | Found a faded altar of an unknown god.
  1913 | D:3      | Gained mutation: Your touch may inflict minor irresistible
                  | damage on your foes. [demonic ancestry]
  1913 | D:3      | Reached XP level 5. HP: 40/42 MP: 5/5
  2476 | D:4      | Found a staircase to the Ecumenical Temple.
  2535 | Temple   | Found a transporter.
  2535 | Temple   | Found a transporter.
  2535 | Temple   | Found a transporter.
  2535 | Temple   | Found a transporter.
  2535 | Temple   | Entered the Ecumenical Temple
  2553 | Temple   | Became a worshipper of Hepliaklqana the Forgotten
  2834 | D:4      | Reached XP level 6. HP: 48/48 MP: 4/6
  2927 | D:4      | Found Uthryrala's Distillery.
  2934 | D:4      | Found a shimmering altar of Xom.
  3383 | D:4      | Found a bloodstained altar of Trog.
  3389 | D:4      | Reached skill level 5 in Axes
  3397 | D:4      | Found a burning altar of Makhleb.
  3400 | D:4      | Found a faded altar of an unknown god.
  3402 | D:4      | Found a faded altar of an unknown god.
  3466 | D:4      | Noticed Menkaure
  3477 | D:4      | Killed Menkaure
  3867 | D:5      | Entered Level 5 of the Dungeon
  3914 | D:5      | Gained mutation: You regenerate magic rapidly. [demonic
                  | ancestry]
  3914 | D:5      | Reached XP level 7. HP: 55/55 MP: 7/7
  4008 | D:5      | Noticed a yak
  4031 | D:5      | Killed a yak
  4163 | D:5      | Reached skill level 6 in Axes
  4186 | D:5      | Noticed a yak
  4186 | D:5      | Noticed a yak
  4201 | D:5      | Killed a yak
  4212 | D:5      | Killed a yak
  4213 | D:5      | Reached skill level 5 in Fighting
  4213 | D:5      | Reached XP level 8. HP: 45/63 MP: 5/8
  4599 | D:5      | Reached skill level 7 in Axes
  4600 | D:5      | Reached * piety under Hepliaklqana
  4928 | D:6      | Reached skill level 5 in Throwing
  5342 | D:6      | Found Tell's Weapon Shop.
  5392 | D:6      | Reached skill level 8 in Axes
  5519 | D:6      | Found Gabboonlad's Weapon Shoppe.
  5548 | D:6      | Found Vapn's Armour Shop.
  5589 | D:6      | Reached XP level 9. HP: 64/64 MP: 9/9
  5678 | D:6      | Found Mosepom's Weapon Boutique.
  7165 | D:8      | Reached ** piety under Hepliaklqana
  7367 | D:8      | Reached skill level 9 in Axes
  8477 | D:9      | Reached *** piety under Hepliaklqana
  8579 | D:9      | Gained mutation: When hurt, damage is shared between your
                  | health and your magic reserves. [demonic ancestry]
  8579 | D:9      | Reached XP level 10. HP: 61/73 MP: 8/10
  8654 | D:9      | Found an ornate altar of the Wu Jian Council.
  8702 | D:9      | Reached skill level 10 in Axes
  8869 | D:9      | Identified the +1 pair of gloves "Yluzus" {Str+3 Dex+6}
  9037 | D:9      | Noticed a two-headed ogre
  9047 | D:9      | Killed a two-headed ogre
  9395 | D:9      | Remembered your ancestor Ur-Duzida as a hexer
  9817 | D:2      | Bought a steaming buckler for 228 gold pieces
  9817 | D:2      | Identified the +3 buckler of a bazaar {rF+ Str+2 Dex+3}
                  | (You bought it in a shop on level 2 of the Dungeon)
  9833 | D:2      | Bought a scroll of identify for 48 gold pieces
  9833 | D:2      | Bought a scroll labelled ELIUCUSOAKLE for 24 gold pieces
  9835 | D:2      | Identified a scroll of acquirement
  9836 | D:2      | Acquired the scarf "Zasawniz" {repulsion, rN+ Dex+4}
 10105 | D:10     | Entered Level 10 of the Dungeon
 10313 | D:10     | Found a portal to a secret trove of treasure.
 10347 | D:10     | Noticed Lodul
 10358 | D:10     | Reached skill level 11 in Axes
 10437 | D:10     | Killed Lodul
 10533 | D:10     | Found a flagged portal.
 10542 | Bailey   | Entered a bailey
 10582 | Bailey   | Noticed an orc warlord
 10599 | Bailey   | Reached XP level 11. HP: 80/80 MP: 11/11
 10680 | Bailey   | Found a runed translucent gate.
 10680 | Bailey   | Found a runed translucent gate.
 10680 | Bailey   | Found a runed translucent gate.
 10868 | Bailey   | Killed an orc warlord
 11039 | Bailey   | Reached skill level 12 in Axes
 11039 | Bailey   | Gained mutation: Your touch may inflict irresistible damage
                  | on your foes. [demonic ancestry]
 11039 | Bailey   | Reached XP level 12. HP: 88/88 MP: 11/15
 11076 | D:10     | Reached **** piety under Hepliaklqana
 11425 | D:11     | Found a staircase to the Orcish Mines.
 11431 | D:11     | Found a staircase to the Lair.
 11645 | D:11     | Noticed a boulder beetle
 11678 | D:11     | Killed a boulder beetle
 11969 | D:6      | Bought a +0 morningstar of protection for 88 gold pieces
 12100 | Lair:1   | Entered Level 1 of the Lair of Beasts
 12371 | Lair:1   | Identified the +0 chain mail of the Skiapode {Dex+4}
 12384 | Lair:1   | Reached skill level 13 in Axes
 12434 | Lair:1   | Found a runed translucent door.
 12435 | Lair:1   | Noticed turdburglar's ghost (journeyman MfSh)
 12705 | Lair:1   | Reached skill level 10 in Fighting
 12784 | Lair:1   | Reached skill level 5 in Armour
 13165 | Lair:2   | Reached ***** piety under Hepliaklqana
 13318 | Lair:2   | Gained mutation: Your touch may irresistibly damage your
                  | foes and sap their willpower. [demonic ancestry]
 13318 | Lair:2   | Reached XP level 13. HP: 77/96 MP: 13/16
 13627 | Lair:2   | Reached skill level 14 in Axes
 14230 | Lair:3   | Found a staircase to the Snake Pit.
 14246 | Lair:3   | Noticed Snorg
 14261 | Lair:3   | Killed Snorg
 14486 | Lair:3   | Noticed Fannar
 14579 | Lair:3   | Killed Fannar
 15061 | Lair:3   | Noticed an eleionoma
 15065 | Lair:3   | Killed an eleionoma
 15095 | Lair:3   | Found a staircase to the Swamp.
 15427 | Lair:4   | Found a viscous altar of Jiyva.
 15428 | Lair:4   | Found a staircase to the Slime Pits.
 15800 | Lair:4   | Reached ****** piety under Hepliaklqana
 16185 | Lair:5   | Entered Level 5 of the Lair of Beasts
 16217 | Lair:5   | Reached skill level 15 in Axes
 16310 | Lair:5   | Reached skill level 5 in Dodging
 16366 | Lair:5   | Gained mutation: Your demonic aura often causes spilled
                  | blood to erupt in flames. [demonic ancestry]
 16366 | Lair:5   | Reached XP level 14. HP: 60/105 MP: 17/17
 16819 | Lair:5   | Identified the +6 long sword of Zarurus {heavy, *Rage rElec
                  | MP+9 SInv}
 17161 | Lair:5   | Found a transporter.
 17176 | Lair:5   | Found a one-way gate to the infinite horrors of the Abyss.
 17176 | Lair:5   | Noticed kftrendy's ghost (journeyman TrFi)
 17362 | Lair:5   | Reached skill level 5 in Stealth
 17430 | Lair:5   | Found a transporter.
 19806 | D:14     | Reached skill level 16 in Axes
 20050 | D:14     | Found a gate to the Vaults.
 20429 | D:14     | Reached XP level 15. HP: 107/113 MP: 15/18
 21110 | D:2      | Bought a glittering bronze ring for 120 gold pieces
 21110 | D:2      | Identified the ring "Reor" {rC+ Dex+6} (You bought it in a
                  | shop on level 2 of the Dungeon)
 21383 | D:15     | Entered Level 15 of the Dungeon
 21485 | D:15     | Noticed Josephine
 21507 | D:15     | Killed Josephine
 21638 | D:15     | Found Degosm's Book Emporium.
 22257 | D:15     | Found a staircase to the Depths.
 22644 | Orc:1    | Entered Level 1 of the Orcish Mines
 22644 | Orc:1    | Found Sukhouro's General Store.
 22940 | D:6      | Bought the +7 great mace "Firestarter" {flame, immolate,
                  | rFlCloud rF++} for 996 gold pieces
 22940 | D:6      | Found the +7 great mace "Firestarter" {flame, immolate,
                  | rFlCloud rF++}
 23521 | Orc:1    | Found a runed translucent gate.
 23521 | Orc:1    | Found a runed translucent gate.
 23522 | Orc:1    | Found a runed translucent gate.
 23523 | Orc:1    | Noticed Rygut's ghost (journeyman DrFi)
 23704 | Orc:2    | Entered Level 2 of the Orcish Mines
 23846 | Orc:2    | Noticed Sonja
 23870 | Orc:2    | Killed Sonja
 23870 | Orc:2    | HP: 2/113 [orc high priest/divine providence (11)]
 24575 | Orc:2    | Reached skill level 17 in Axes
 24727 | Orc:2    | Found Zehakask's Antique Armour Shop.
 24728 | Orc:2    | Found Mauntut's Antique Weapon Boutique.
 24730 | Orc:2    | Found Waruemm's General Store.
 24730 | Orc:2    | Found Mekes's Jewellery Shop.
 24928 | Orc:2    | Found a staircase to the Elven Halls.
 25659 | Snake:1  | Entered Level 1 of the Snake Pit
 26699 | Snake:1  | Found Oggykorph's Jewellery Emporium.
 26703 | Snake:1  | Found Huhu's Magic Scroll Emporium.
 26716 | Snake:1  | Bought a scroll of enchant armour for 120 gold pieces
 26716 | Snake:1  | Bought a scroll of enchant armour for 120 gold pieces
 26739 | Snake:1  | Reached XP level 16. HP: 97/121 MP: 17/19
 26869 | Snake:1  | Found Emozxaff's Antique Armour Emporium.
 27446 | Snake:2  | Reached skill level 10 in Armour
 27738 | Snake:2  | Found Muarch's Jewellery Shoppe.
 27738 | Snake:2  | Found Ricvot's Magic Scroll Emporium.
 27754 | Snake:2  | Bought a scroll of teleportation for 60 gold pieces
 27754 | Snake:2  | Bought a scroll of enchant weapon for 150 gold pieces
 27754 | Snake:2  | Bought a scroll of brand weapon for 190 gold pieces
 28127 | Snake:2  | Reached skill level 5 in Invocations
 28490 | Snake:2  | Noticed Vashnia
 28520 | Snake:2  | Killed Vashnia
 28947 | Snake:2  | Found Waasim's Antique Armour Shop.
 29496 | Snake:3  | Reached skill level 18 in Axes
 29646 | Snake:3  | Found a runed translucent door.
 29647 | Snake:3  | Found a shimmering altar of Xom.
 29647 | Snake:3  | Noticed middlethird's ghost (journeyman VSCj)
 30230 | Snake:4  | Entered Level 4 of the Snake Pit
 30324 | Snake:4  | Gained mutation: You are mostly covered in rugged brown
                  | scales. (AC +2, +5% HP) [demonic ancestry]
 30324 | Snake:4  | Reached XP level 17. HP: 102/132 MP: 22/22
 31684 | Snake:4  | Found Oxtysuih's Book Boutique.
 31730 | Snake:4  | Found Oce Boseefaw's Jewellery Shoppe.
 31731 | Snake:4  | Found Alokk's Book Boutique.
 32061 | Snake:4  | Reached skill level 10 in Stealth
 33263 | Snake:4  | Got a serpentine rune of Zot
 33981 | Snake:4  | Bought the ring of Jerasm {rF- rC+++ rCorr MP-9 AC+4} for
                  | 1038 gold pieces
 34276 | Swamp:1  | Entered Level 1 of the Swamp
 34408 | Swamp:1  | Reached skill level 10 in Dodging
 34724 | Swamp:1  | Reached skill level 1 in Maces & Flails
 34861 | Swamp:2  | Reached XP level 18. HP: 133/140 MP: 13/25
 34876 | Swamp:2  | HP: 1/140 [spriggan druid/+2 spectral quarterstaff (9)]
 34878 | Swamp:2  | Killed from afar by a spriggan druid

Illustrated notes

Levels and vault maps discovered:
D:1:      dpeg_arrival_castle, layout_loops_ring,
          amcnicky_mini_corridor_feature, minmay_3d_cube
D:2:      layout_basic, shapermc_ecumenical_altar_mp_vishouse, serial_shops,
          shop, shop, kennysheep_big_empty_room, hangedman_glass_teeth
D:3:      layout_basic, kennysheep_crisscross
D:4:      layout_basic, chequers_temple_overflow_minitemple,
          nicolae_overflow_crystal_walls, minmay_temple_entry_nine_rooms,
          serial_shops, shop, uniq_menkaure
D:5:      layout_cave_pools, portal_sewer_entry_e
D:6:      layout_loops_ring, serial_shops, nicolae_shop_tiny_real_fake_doors,
          nicolae_shop_peninsula, nicolae_shop_peninsula, shop
D:7:      layout_basic
D:8:      layout_basic, hangedman_abyss_or_decor_stabs, nrook_mini_vaults,
          minmay_misc_feat_roman, st_stairs_14, minmay_misc_feat_ornament
D:9:      layout_long_grid, nzn_wu_jian_council_hall
D:10:     layout_rooms, enter_bailey_8, nicolae_trove_entry_isolated, uniq_lodul
D:11:     layout_roguey, lair_entry_dummy, orc_0_dummy
D:12:     layout_basic
D:13:     layout_loops_corners
D:14:     layout_stronghold, david_vaults_5, serial_rivers,
          chequers_serial_rivers_micro_a, chequers_serial_rivers_room_a,
          chequers_serial_rivers_large_b, chequers_serial_rivers_small_a,
          zin_angel, nicolae_twisting_strands
D:15:     grunt_enter_depths_magical_seal, layout_basic, amethyst_killhole,
          serial_shops, nicolae_square_shop, uniq_josephine
Temple:   hellmonk_temple_divided_pantheon
Lair:1:   layout_chaotic_city, gammafunk_ghost_grave, lemuel_fruit_tree,
          infiniplex_staircase_pool_2
Lair:2:   layout_gridlike, minivault_19, grunt_megastairs_2
Lair:3:   layout_concentric_octagons, alex1729_swamp_entry_worm_eleionoma,
          guppyfry_snake_entry_garden, minivault_11, uniq_snorg, uniq_fannar
Lair:4:   layout_cave_pods, nicolae_slime_entry_slimehenge,
          serial_bayou_crossing
Lair:5:   minmay_lair_end_enchanted_forest, layout_loops_ring,
          gammafunk_ghost_abyssal_escape
Swamp:1:  layout_basic_swamp, evilmike_swamp_ruin_house_5
Swamp:2:  layout_falls_marsh, hangedman_swamp_ruin_hall, uniq_nikola
Snake:1:  layout_cave_pods, serial_shops, shop, special_room, minmay_shop_star
Snake:2:  layout_grid_shapes, serial_shops, nicolae_shop_dealshenge,
          minmay_shoptagon, uniq_vashnia
Snake:3:  layout_grid_shapes, ebering_ghost_xom, serial_library_hellmonk_u_bend,
          serial_library_regret_index_turning, grunt_ministairs_9,
          serial_bayou_shore_a
Snake:4:  snake_pit_salamanders_mu, layout_cave_town, grunt_ministairs_2,
          minmay_shop_grove
Orc:1:    layout_caves, serial_shops, shop, ebering_ghost_rock_garden,
          special_room [special_room_orc]
Orc:2:    st_orc_congregation, layout_diamond_mine, nicolae_orc_lost_temple,
          uniq_sonja

Skill      XL: |  1  2  3  4  5  6  7  8  9 10 11 12 13 14 15 16 17 |
---------------+----------------------------------------------------+-----
Throwing       | 2 3 4 5 6 8 |  8.2
Axes           | 3 4 5 6 8 9 11 12 13 15 16 17 18 | 18.9
Fighting       | 3 4 5 6 7 8 9 10 11 12 13 14 | 14.8
Armour         | 3 5 7 8 9 10 11 | 11.4
Dodging        | 4 5 6 7 9 10 | 10.0
Stealth        | 3 4 6 8 9 10 | 10.3
Shields        | 2 3 |  3.3
Invocations    | 4 7 9 |  9.3
Maces & Flails | 1 |  1.2

Action                     |  1- 3 |  4- 6 |  7- 9 | 10-12 | 13-15 | 16-18 || total
---------------------------+-------+-------+-------+-------+-------+-------++-------
  Melee: War axe           |    97 |   175 |   274 |   246 |   626 |       ||  1418
         Touch             |       |     6 |       |       |       |       ||     6
         Punch             |       |     2 |       |       |       |       ||     2
         Broad axe         |       |       |       |       |   141 |   356 ||   497
         Great mace        |       |       |       |       |       |    40 ||    40
  Throw: Throwing net      |       |     5 |     1 |     1 |       |       ||     7
         Javelin           |       |     4 |     3 |     3 |    32 |     9 ||    51
         Dart              |       |     1 |     8 |     3 |       |       ||    12
         Boomerang         |       |     1 |    18 |    79 |   258 |   246 ||   602
 Invoke: Ancestor Identity |       |       |     1 |       |       |       ||     1
         Transference      |       |       |       |     2 |     2 |       ||     4
         Ancestor Life: He |       |       |       |     1 |       |       ||     1
         Idealise          |       |       |       |     1 |       |     1 ||     2
  Evoke: Wand              |       |       |     3 |     1 |     2 |       ||     6
         Phantom mirror    |       |       |       |       |       |     2 ||     2
         Phial of floods   |       |       |       |       |       |     1 ||     1
    Use: Scroll            |     5 |     6 |     8 |    12 |     5 |     4 ||    40
         Potion            |     2 |     4 |     2 |     1 |     5 |     8 ||    22
   Stab: Sleeping          |     1 |       |       |       |     8 |     3 ||    12
         Distracted        |       |       |     2 |     9 |    19 |    14 ||    44
         Confused          |       |       |       |    16 |    20 |     7 ||    43
         Invisible         |       |       |       |       |     1 |       ||     1
         Paralysed         |       |       |       |       |    15 |    28 ||    43
 Armour: Leather armour    |    60 |       |       |       |       |       ||    60
         Skin              |     8 |       |       |       |       |       ||     8
         Ring mail         |     1 |   126 |   215 |    31 |       |       ||   373
         Acid dragon scale |       |       |       |   114 |   295 |       ||   409
         Chain mail        |       |       |       |       |    32 |   257 ||   289
  Dodge: Dodged            |    81 |   103 |   150 |   110 |   275 |   188 ||   907
         Repelled          |       |       |       |     1 |     7 |    22 ||    30
  Block: Buckler           |       |    23 |    91 |    86 |   311 |   246 ||   757
         Reflection        |       |       |       |       |    15 |    46 ||    61
         Other             |       |       |       |       |       |    11 ||    11
